[Event "WYCC 2018 G18"]
[Site "Halkidiki"]
[Date "2018.10.27"]
[Round "8"]
[White "Nemcova, Kamila"]
[Black "Golsta, Madara"]
[Result "0-1"]
[ECO "B70"]
[WhiteElo "1879"]
[BlackElo "1938"]
[Annotator "NA"]
[PlyCount "68"]
[EventDate "2018.10.20"]
[EventType "swiss"]
[EventCountry "GRE"]
[SourceTitle "playchess.com"]
[Source "ChessBase"]
[SourceQuality "1"]
[TimeControl "40/5400+30:1800+30"]

1. e4 c5 2. Nf3 d6 3. d4 cxd4 4. Nxd4 Nf6 5. Nc3 g6 6. g3 Nc6 7. Nde2 Bg7 8. Bg2 h5 9. Bg5 Bd7 10. a4 Qc8 11. Nf4 Ne5 12. Nfd5 Nxd5 13. Nxd5 f6 14. Bc1 h4 15. Bf1 Bc6 16. Bb5 e6 17. Nc3 a6 18. Bxc6+ Qxc6 19. f4 Nc4 20. Qd3 f5 21. O-O hxg3 22. Qxg3 Bd4+ 23. Kg2 Bxc3 24. Qxc3 Qxe4+ 25. Qf3 Qxc2+ 26. Rf2 Qe4 27. Qxe4 fxe4 28. b3 Na5 29. Bb2 Rh5 30. b4 Nc4 31. Rc1 b5 32. axb5 axb5 33. Bf6 Ne3+ 34. Kg3 Ra3 0-1

[Event "WYCC 2018 G18"]
[Site "Halkidiki"]
[Date "2018.10.27"]
[Round "8"]
[White "Salimova, Asal"]
[Black "Egyed, Judit"]
[Result "0-1"]
[ECO "B07"]
[WhiteElo "1870"]
[BlackElo "2089"]
[Annotator "NA"]
[PlyCount "62"]
[EventDate "2018.10.20"]
[EventType "swiss"]
[EventCountry "GRE"]
[SourceTitle "playchess.com"]
[Source "ChessBase"]
[SourceQuality "1"]
[TimeControl "40/5400+30:1800+30"]

1. d4 Nf6 2. Nc3 g6 3. e4 d6 4. f3 Bg7 5. Be3 c6 6. Qd2 O-O 7. h4 h5 8. Bh6 e5 9. O-O-O Nbd7 10. Nh3 b5 11. Nf2 Qa5 12. Kb1 b4 13. Ne2 Nb6 14. Bxg7 Kxg7 15. Nc1 Be6 16. Nb3 Qa4 17. dxe5 dxe5 18. Nd3 Rad8 19. Qc1 Nbd7 20. c4 bxc3 21. Qxc3 c5 22. Rc1 Rb8 23. Ndxc5 Nxc5 24. Qxc5 Rfc8 25. Qxe5 Bxb3 26. axb3 Rxc1+ 27. Kxc1 Qa1+ 28. Kc2 Rc8+ 29. Kd3 Qc1 30. Qg5 Rd8+ 31. Ke2 Qc2+ 0-1

[Event "WYCC 2018 G18"]
[Site "Halkidiki"]
[Date "2018.10.27"]
[Round "8"]
[White "Nguyen, Hong Ngoc"]
[Black "Hamedi Nia, Vesal"]
[Result "1/2-1/2"]
[ECO "D30"]
[WhiteElo "1861"]
[BlackElo "1987"]
[Annotator "NA"]
[PlyCount "157"]
[EventDate "2018.10.20"]
[EventType "swiss"]
[EventCountry "GRE"]
[SourceTitle "playchess.com"]
[Source "ChessBase"]
[SourceQuality "1"]
[TimeControl "40/5400+30:1800+30"]

1. d4 d5 2. c4 e6 3. Nf3 Nf6 4. g3 Bb4+ 5. Bd2 Be7 6. Bg2 O-O 7. O-O Nbd7 8. Qc2 c6 9. b3 b6 10. Nc3 Ba6 $11 {[%emt 0:05:27] LiveBook: 22 Games} 11. cxd5 cxd5 12. Qb2 Rc8 13. a4 Ne4 14. Rfc1 Nd6 15. Rc2 Re8 16. Bf1 Qc7 17. Rac1 Qb7 18. Ne5 f6 19. Nxd7 Qxd7 20. Bh3 Nf5 21. Na2 Rxc2 22. Rxc2 Bd6 23. e3 Rc8 24. Nb4 Bb7 25. Qc1 a5 26. Nd3 Kf7 27. b4 axb4 28. Bxb4 Rxc2 29. Qxc2 Bc6 30. a5 Bxb4 31. Nxb4 Ba4 32. Qa2 bxa5 33. Nd3 Bb5 34. Nc5 Qc7 35. Bxf5 exf5 36. Qxd5+ Kg6 37. e4 fxe4 38. h4 Bc6 39. Qe6 h5 40. d5 Bb5 41. Qxe4+ Kf7 42. Qe6+ Kg6 43. Qe4+ Kf7 44. Ne6 Qe5 45. Qf3 Qe2 46. Qf4 Qd1+ 47. Kh2 Qxd5 48. Nc7 Qc5 49. Nxb5 Qxb5 50. Qc7+ Kg6 51. Qc2+ Qf5 52. Qa2 Qc5 53. Kg1 Qc1+ 54. Kh2 Qc3 55. Qe6 Qe5 56. Qa2 Qe1 57. Qc2+ Kh6 58. Kg2 Qe5 59. Qd2+ Kg6 60. Kh2 Qf5 61. Qa2 a4 62. Qxa4 Qxf2+ 63. Kh3 Qf1+ 64. Kh2 Qe2+ 65. Kh3 Kh7 66. Qd7 Qf3 67. Kh2 Qe2+ 68. Kh3 Qe4 69. Kh2 Kg6 70. Qd2 Qf5 71. Qe2 Kh6 72. Qd2+ g5 73. hxg5+ Qxg5 74. Qd8 Kg6 75. Qg8+ Kf5 76. Qd5+ Kg6 77. Qg8+ Kh6 78. Qh8+ Kg6 79. Qg8+ {[%emt 0:00:04] Kf7} 1/2-1/2

[Event "WYCC 2018 G18"]
[Site "Halkidiki"]
[Date "2018.10.27"]
[Round "8"]
[White "Miller, Rachel"]
[Black "Yurdakul, Didem Nuray"]
[Result "1-0"]
[ECO "B53"]
[WhiteElo "1859"]
[BlackElo "1604"]
[Annotator "NA"]
[PlyCount "101"]
[EventDate "2018.10.20"]
[EventType "swiss"]
[EventCountry "GRE"]
[SourceTitle "playchess.com"]
[Source "ChessBase"]
[SourceQuality "1"]
[TimeControl "40/5400+30:1800+30"]

1. e4 c5 2. Nf3 d6 3. d4 cxd4 4. Qxd4 a6 5. h3 Nc6 6. Qe3 g6 7. Be2 Bg7 8. O-O Nf6 9. c4 O-O 10. Nc3 e6 11. Rd1 Qc7 12. Rb1 Rd8 13. b3 Nd7 14. Bb2 Nde5 15. Rd2 b6 16. Rbd1 Rb8 17. Nh2 Na5 18. Ng4 Nxg4 19. hxg4 Bb7 20. g5 Rd7 21. Na4 Bxb2 22. Rxb2 Bc6 23. Nc3 b5 24. Rc2 Qb7 25. Nd5 exd5 26. exd5 Re7 27. dxc6 Nxc6 28. Qd2 b4 29. Bf3 Re5 30. Qxd6 Re6 31. Qf4 Rbe8 32. Rcd2 Qc8 33. Bg4 Re1+ 34. Rxe1 Rxe1+ 35. Kh2 Qf8 36. Qc7 h5 37. Bxh5 gxh5 38. Qxc6 Qe7 39. Qf6 Rh1+ 40. Kxh1 Qe1+ 41. Kh2 Qxd2 42. g6 fxg6 43. Qxg6+ Kf8 44. Qf5+ Kg7 45. c5 Qd4 46. Qxh5 Qf4+ 47. Kh3 Qc1 48. Qe5+ Kf7 49. Qd5+ Kf8 50. g3 Qe1 51. Kg2 1-0

[Event "WYCC 2018 G18"]
[Site "Halkidiki"]
[Date "2018.10.27"]
[Round "8"]
[White "Jie, Tianhui"]
[Black "Ramirez Toledo, Ayleen Maribel"]
[Result "1-0"]
[ECO "E91"]
[WhiteElo "1849"]
[BlackElo "1545"]
[Annotator "NA"]
[PlyCount "85"]
[EventDate "2018.10.20"]
[EventType "swiss"]
[EventCountry "GRE"]
[SourceTitle "playchess.com"]
[Source "ChessBase"]
[SourceQuality "1"]
[TimeControl "40/5400+30:1800+30"]

1. d4 Nf6 2. c4 g6 3. Nc3 Bg7 4. e4 d6 5. Nf3 O-O 6. Be2 Nbd7 7. Be3 e5 8. d5 a5 9. a3 Nc5 10. Nd2 Ne8 11. b4 axb4 12. axb4 Rxa1 13. Qxa1 Nd7 14. O-O f5 15. f3 f4 16. Bf2 g5 17. c5 Ndf6 18. Nc4 h5 19. cxd6 cxd6 20. Nb6 g4 21. Nxc8 Qxc8 22. Rc1 Nh7 23. Nb5 Qd7 24. Qc3 Bf6 25. Qc8 Qxc8 26. Rxc8 Ng5 27. fxg4 Nxe4 28. gxh5 Be7 29. Bg4 N8f6 30. Be6+ Kg7 31. Rc7 Re8 32. Rxb7 Kf8 33. Nc7 Rd8 34. Bf5 Kg8 35. Ba7 Bf8 36. b5 Ng5 37. Ne6 Nxe6 38. Bxe6+ Kh8 39. Rf7 Ne4 40. b6 Nc5 41. b7 Nxb7 42. Rxb7 e4 43. Bd4+ 1-0

[Event "WYCC 2018 G18"]
[Site "Halkidiki"]
[Date "2018.10.27"]
[Round "8"]
[White "Cosme Contreras, Trilce"]
[Black "Bauyrzhan, Arnash"]
[Result "1-0"]
[ECO "A20"]
[WhiteElo "1829"]
[BlackElo "2011"]
[Annotator "NA"]
[PlyCount "143"]
[EventDate "2018.10.20"]
[EventType "swiss"]
[EventCountry "GRE"]
[SourceTitle "playchess.com"]
[Source "ChessBase"]
[SourceQuality "1"]
[TimeControl "40/5400+30:1800+30"]

1. c4 e5 2. g3 Nf6 3. Bg2 Nc6 4. Nc3 Bb4 5. Nd5 Bc5 6. e3 d6 7. Ne2 O-O 8. O-O Bg4 9. h3 Bxe2 10. Qxe2 Nxd5 11. cxd5 Ne7 12. Qc4 Qd7 13. b4 b5 14. Qb3 Bb6 15. Bb2 Rfb8 16. Kh2 a5 17. a3 axb4 18. axb4 Ra4 19. f4 exf4 20. gxf4 Nf5 21. Rg1 Rxa1 22. Bxa1 Re8 23. Qb1 Nh4 24. Bh1 Ng6 25. Be4 Qe7 26. Qb2 Qf8 27. Bf5 Ra8 28. h4 Rxa1 29. Qxa1 Nxh4 30. Be4 f5 31. Bh1 Ng6 32. Rg5 Ne7 33. Qf1 Qe8 34. Bf3 g6 35. Qd3 Kg7 36. Rg1 Nc8 37. Qxf5 Ne7 38. Qe6 Qf7 39. Qe4 Nf5 40. Bg4 Nh4 41. Be6 Qf6 42. Kh3 Kf8 43. f5 g5 44. Rxg5 Qxg5 45. Qxh4 Qxh4+ 46. Kxh4 Kg7 47. Kg5 h6+ 48. Kh5 Ba7 49. Bd7 Bb6 50. Bxb5 Ba7 51. d4 Bb6 52. Bd3 Ba7 53. Kg4 Kf6 54. Kf4 Bb6 55. Be2 Ba7 56. Bg4 Bb6 57. Ke4 Ba7 58. Kd3 Bb6 59. Kc4 Ba7 60. Kb5 Bb6 61. Kc6 h5 62. Bh3 Ke7 63. e4 Kf6 64. Kd7 h4 65. Kc6 Bxd4 66. Kxc7 Ke5 67. b5 Kxe4 68. b6 Ke5 69. b7 Ba7 70. b8=Q Bxb8+ 71. Kxb8 Kxd5 72. f6 1-0

[Event "WYCC 2018 G18"]
[Site "Halkidiki"]
[Date "2018.10.27"]
[Round "8"]
[White "Cibikova, Sofia Anna"]
[Black "Li, Yilin"]
[Result "1/2-1/2"]
[ECO "B25"]
[WhiteElo "1809"]
[BlackElo "1993"]
[Annotator "NA"]
[PlyCount "75"]
[EventDate "2018.10.20"]
[EventType "swiss"]
[EventCountry "GRE"]
[SourceTitle "playchess.com"]
[Source "ChessBase"]
[SourceQuality "1"]
[TimeControl "40/5400+30:1800+30"]

1. e4 c5 2. Nc3 Nc6 3. g3 g6 4. Bg2 Bg7 5. d3 d6 6. f4 e6 7. Nf3 Nge7 8. Be3 Nd4 9. O-O O-O 10. Bf2 Nec6 11. a3 Rb8 12. Rb1 b6 13. Re1 Bb7 14. Bh3 Nxf3+ 15. Qxf3 Nd4 16. Qd1 Re8 17. Bg2 Kh8 18. Ne2 Nxe2+ 19. Rxe2 d5 20. exd5 Bxd5 21. Bxd5 Qxd5 22. Qf1 Kg8 23. b3 Rbd8 24. Qg2 Kf8 25. Qxd5 Rxd5 26. Kg2 Bc3 27. Be1 Bd4 28. Bd2 Ke7 29. Rbe1 Kd7 30. Kf3 Kc6 31. Be3 Bc3 32. Bd2 Bb2 33. a4 Bg7 34. Re4 Red8 35. R4e2 Re8 36. Re4 Red8 37. R4e3 Bd4 38. R3e2 1/2-1/2

[Event "WYCC 2018 G18"]
[Site "Halkidiki"]
[Date "2018.10.27"]
[Round "8"]
[White "Tonso, Liina"]
[Black "Nass, Sara"]
[Result "1-0"]
[ECO "A29"]
[WhiteElo "1805"]
[BlackElo "1986"]
[Annotator "NA"]
[PlyCount "65"]
[EventDate "2018.10.20"]
[EventType "swiss"]
[EventCountry "GRE"]
[SourceTitle "playchess.com"]
[Source "ChessBase"]
[SourceQuality "1"]
[TimeControl "40/5400+30:1800+30"]

1. c4 e5 2. Nc3 Nf6 3. Nf3 Nc6 4. g3 d5 5. cxd5 Nxd5 {[%emt 0:00:07] LiveBook: 1703 Games} 6. Bg2 Be6 7. O-O $14 Be7 8. d4 Nxc3 9. bxc3 e4 10. Nd2 f5 11. e3 O-O 12. c4 Na5 13. Qc2 c6 14. f3 exf3 15. Bxf3 Rc8 16. a4 b6 17. Bb2 Qe8 18. Qd3 c5 19. d5 Bd7 20. e4 Bf6 21. Bc3 Bxc3 22. Qxc3 fxe4 23. Bxe4 Rxf1+ 24. Rxf1 Bxa4 25. Qd3 Qh5 26. Bf5 Re8 27. Be6+ Kh8 28. Bf7 Qe2 29. Bxe8 Qxe8 30. Ne4 Nb7 31. Ng5 g6 32. Ne6 Kg8 33. Qf3 1-0

[Event "WYCC 2018 G18"]
[Site "Halkidiki"]
[Date "2018.10.27"]
[Round "8"]
[White "Mocanu, Valeria"]
[Black "Belluire, Beatrice"]
[Result "0-1"]
[ECO "B54"]
[WhiteElo "1800"]
[BlackElo "1931"]
[Annotator "NA"]
[PlyCount "92"]
[EventDate "2018.10.20"]
[EventType "swiss"]
[EventCountry "GRE"]
[SourceTitle "playchess.com"]
[Source "ChessBase"]
[SourceQuality "1"]
[TimeControl "40/5400+30:1800+30"]

1. e4 c5 2. Nf3 d6 3. d4 cxd4 4. Nxd4 Nf6 5. f3 e5 6. Nb3 Be6 7. Nc3 d5 8. exd5 Nxd5 9. Nxd5 Qxd5 10. Qxd5 Bxd5 11. c4 Be6 12. Be3 Nc6 13. a3 Rd8 14. Nd2 Be7 15. Be2 Nd4 16. Rc1 O-O 17. Kf2 Nf5 18. Nf1 Nxe3 19. Nxe3 f5 20. Rhd1 Bc5 21. b4 Bd4 22. Rxd4 Rxd4 23. Nd5 Kf7 24. Nc7 a6 25. Nxe6 Kxe6 26. c5 Kd5 27. c6 b5 28. c7 Rc8 29. g3 Kd6 30. Ke3 Rxc7 31. Rxc7 Kxc7 32. f4 Re4+ 33. Kf3 Rxe2 34. Kxe2 e4 35. g4 g6 36. gxf5 gxf5 37. Ke3 Kc6 38. Kd4 Kd6 39. h3 h6 40. h4 h5 41. Ke3 Kd5 42. Kd2 Kd4 43. Ke2 Kc3 44. Ke3 Kb3 45. Kd2 Kxa3 46. Kc3 Ka4 0-1

[Event "WYCC 2018 G18"]
[Site "Halkidiki"]
[Date "2018.10.27"]
[Round "8"]
[White "Martos Amiguet, Valentina"]
[Black "Prakapuk, Vera"]
[Result "0-1"]
[ECO "D00"]
[WhiteElo "1775"]
[BlackElo "1949"]
[Annotator "NA"]
[PlyCount "94"]
[EventDate "2018.10.20"]
[EventType "swiss"]
[EventCountry "GRE"]
[SourceTitle "playchess.com"]
[Source "ChessBase"]
[SourceQuality "1"]
[TimeControl "40/5400+30:1800+30"]

1. d4 d5 2. Bf4 Nf6 3. e3 c5 4. c3 Nc6 5. Nf3 Qb6 6. Qb3 c4 7. Qc2 Bf5 8. Qc1 e6 9. Nbd2 Qd8 10. Be2 Be7 11. h3 h6 12. O-O O-O 13. b3 b5 14. a4 a6 15. Qb2 Qd7 16. Ra2 Bd6 17. Ne5 $11 Qc7 18. Nxc6 Bxf4 19. exf4 Qxc6 20. Nf3 Ne4 21. Ne5 Qc7 22. axb5 axb5 23. Rxa8 Rxa8 24. bxc4 bxc4 25. Bh5 f6 26. Ng6 Qf7 27. Qb6 Bxg6 28. Bxg6 Qxg6 29. Qxe6+ Qf7 30. Qc6 Rd8 31. Rb1 Qd7 32. Qa6 Qf5 33. Rb7 Qxf4 34. Qe6+ Kh8 35. f3 Ra8 36. Rb1 Nxc3 37. Re1 Qxd4+ 38. Kh1 Qf2 39. Kh2 Qc5 40. Qd7 d4 41. Re7 Rg8 42. f4 d3 43. f5 d2 44. Re8 d1=Q 45. Rxg8+ Kxg8 46. Qe8+ Qf8 47. Qe6+ Kh8 0-1

[Event "WYCC 2018 G18"]
[Site "Halkidiki"]
[Date "2018.10.27"]
[Round "8"]
[White "Perry, Tal"]
[Black "Vanduyfhuys, Daria"]
[Result "1/2-1/2"]
[ECO "B21"]
[WhiteElo "1702"]
[BlackElo "2058"]
[Annotator "NA"]
[PlyCount "126"]
[EventDate "2018.10.20"]
[EventType "swiss"]
[EventCountry "GRE"]
[SourceTitle "playchess.com"]
[Source "ChessBase"]
[SourceQuality "1"]
[TimeControl "40/5400+30:1800+30"]

1. e4 c5 2. d4 cxd4 3. c3 dxc3 4. Nxc3 e6 5. Nf3 a6 6. Bc4 Nc6 7. a3 Nge7 8. O-O b5 9. Ba2 Ng6 $15 10. Qe2 Be7 11. Rd1 O-O 12. Be3 Bb7 13. Rac1 Rc8 14. Qd3 Nge5 15. Nxe5 Nxe5 16. Qd4 Bf6 17. Qa7 Bc6 18. Qxa6 Rb8 19. f3 Bg5 20. Qa7 Bxe3+ 21. Qxe3 Qb6 22. Qxb6 Rxb6 23. Ne2 Nc4 24. Bxc4 bxc4 25. Rd2 d5 26. exd5 exd5 27. Nf4 Rb5 28. Ne2 Ba8 29. Nc3 Ra5 30. Rcd1 Rd8 31. Rd4 Rc5 32. Na4 Rc7 33. Nb6 Kf8 34. Rxc4 Rxc4 35. Nxc4 Rb8 36. Ne3 Rxb2 37. Nxd5 Bxd5 38. Rxd5 Ra2 39. Rd8+ Ke7 40. Ra8 h5 41. h4 g6 42. a4 Ke6 43. Kh2 Ke5 44. Kg3 Kf5 45. a5 Ra4 46. a6 Kf6 47. a7 Kf5 48. Kf2 Ra3 49. g3 Kf6 50. g4 hxg4 51. fxg4 Kg7 52. h5 gxh5 53. gxh5 f5 54. h6+ Kh7 55. Ke2 f4 56. Kf2 Ra2+ 57. Kf3 Ra3+ 58. Kxf4 Ra4+ 59. Ke5 Ra1 60. Kd5 Rd1+ 61. Kc4 Rc1+ 62. Kb3 Ra1 63. Kb2 Ra6 1/2-1/2

[Event "WYCC 2018 G18"]
[Site "Halkidiki"]
[Date "2018.10.27"]
[Round "8"]
[White "Abeysinghe, H M H Janandani"]
[Black "Caballero Quijano, Mitzy Mishell"]
[Result "0-1"]
[ECO "C00"]
[WhiteElo "1698"]
[BlackElo "1956"]
[Annotator "NA"]
[PlyCount "146"]
[EventDate "2018.10.20"]
[EventType "swiss"]
[EventCountry "GRE"]
[SourceTitle "playchess.com"]
[Source "ChessBase"]
[SourceQuality "1"]
[TimeControl "40/5400+30:1800+30"]

1. e4 e6 2. d3 d5 3. Nc3 Nf6 4. exd5 exd5 5. Nf3 c5 6. g3 Nc6 7. Bg2 Be7 8. O-O h6 9. a3 O-O 10. Bf4 d4 11. Ne2 Nd5 12. Bd2 Be6 13. Nf4 Nxf4 14. Bxf4 Bd5 15. Re1 Bf6 16. Ne5 Bxe5 17. Bxe5 Qd7 18. Bf4 Rae8 19. Bxd5 Qxd5 20. Qg4 Kh7 21. Bd2 Ne5 22. Qf5+ g6 23. Rxe5 Rxe5 24. Qh3 Rh5 25. Qg2 Re8 26. Qxd5 Rxd5 27. Kf1 g5 28. f3 Kg6 29. Kf2 f5 30. f4 Rd6 31. Re1 Rxe1 32. Kxe1 gxf4 33. Bxf4 Rb6 34. b3 Ra6 35. Bc1 h5 36. h4 Kf6 37. Kf2 Ke5 38. Kf3 Re6 39. Bf4+ Kd5 40. Bd2 b5 41. c4+ dxc3 42. Bxc3 c4 43. dxc4+ bxc4 44. bxc4+ Kxc4 45. Bb4 Re4 46. Bf8 a5 47. Bd6 Kd3 48. Bc5 Kd2 49. Bb6 Ra4 50. Bc5 Rc4 51. Bd6 Ke1 52. Ke3 Re4+ 53. Kf3 Kf1 54. Bc7 Ra4 55. Bd6 Kg1 56. Bc5+ Kh2 57. Bd6 Kh3 58. Be7 Rd4 59. Bc5 Rd3+ 60. Kf4 Rxg3 61. Kxf5 Kxh4 62. Bf2 Kh3 63. Bxg3 Kxg3 64. Ke4 h4 65. Kd4 h3 66. Kc4 h2 67. Kb5 h1=Q 68. Kxa5 Qa8+ 69. Kb4 Kf4 70. a4 Ke5 71. Kb5 Kd5 72. a5 Qb7+ 73. Ka4 Kc4 0-1

[Event "WYCC 2018 G18"]
[Site "Halkidiki"]
[Date "2018.10.27"]
[Round "8"]
[White "Ni Mhuireagain, Eibhia"]
[Black "Sevilla, Julia"]
[Result "0-1"]
[ECO "B99"]
[WhiteElo "1655"]
[BlackElo "1947"]
[Annotator "NA"]
[PlyCount "72"]
[EventDate "2018.10.20"]
[EventType "swiss"]
[EventCountry "GRE"]
[SourceTitle "playchess.com"]
[Source "ChessBase"]
[SourceQuality "1"]
[TimeControl "40/5400+30:1800+30"]

1. e4 c5 2. Nf3 d6 3. d4 cxd4 4. Nxd4 Nf6 5. Nc3 a6 6. Bg5 e6 7. f4 Be7 8. Qf3 Qc7 9. O-O-O Nbd7 10. Bd3 h6 11. Qh3 b5 12. Nxe6 fxe6 13. e5 Nf8 14. exf6 Bxf6 15. Ne4 d5 $18 (15... Bxg5 16. Nxg5 (16. fxg5 d5 $16) 16... Ra7) 16. Nxf6+ gxf6 17. Qh5+ Qf7 18. Qxf7+ Kxf7 19. Bh4 Rg8 20. Rd2 Bb7 21. Re1 Rd8 22. Rde2 Rd7 23. h3 h5 24. Rg1 d4 25. Be1 Bd5 26. g3 Ng6 27. Bd2 Nh4 28. Be4 Bxe4 29. Rxe4 Nf3 30. Rg2 h4 31. g4 f5 32. Ree2 fxg4 33. Rxg4 Rxg4 34. hxg4 h3 35. Rf2 h2 36. Rf1 Ng1 0-1

[Event "WYCC 2018 G18"]
[Site "Halkidiki"]
[Date "2018.10.28"]
[Round "9"]
[White "Garcia Martin, Marta"]
[Black "Gajcin, Marina"]
[Result "1-0"]
[ECO "B90"]
[WhiteElo "2329"]
[BlackElo "2153"]
[Annotator "NA"]
[PlyCount "157"]
[EventDate "2018.10.20"]
[EventType "swiss"]
[EventCountry "GRE"]
[SourceTitle "playchess.com"]
[Source "ChessBase"]
[SourceQuality "1"]
[TimeControl "40/5400+30:1800+30"]

1. e4 c5 2. Nf3 d6 3. d4 cxd4 4. Nxd4 Nf6 5. Nc3 a6 6. f3 e5 7. Nb3 Be7 8. Be3 Be6 9. Qd2 O-O 10. O-O-O Nbd7 11. g4 b5 12. g5 b4 13. gxf6 bxc3 14. Qxc3 Nxf6 15. Na5 Rc8 16. Nc6 Qe8 17. Nxe7+ Qxe7 18. Qa5 Rc6 19. Kb1 Rb8 20. Rg1 Kh8 21. b3 Qb7 22. Rg2 Ne8 23. Bd3 f6 24. Ka1 Qf7 25. Rdg1 Qb7 26. h4 Rbc8 27. c4 Qf7 28. Qe1 R6c7 29. f4 exf4 30. Bxf4 Qh5 31. Be2 Qc5 32. Qc3 a5 33. h5 a4 34. b4 Qc6 35. h6 g6 36. Bg5 Rf7 37. Rf2 Bxc4 38. Rc1 d5 39. exd5 Bxd5 40. Qd4 Qe6 41. Rxc8 Qxc8 42. Bb5 Kg8 43. Qxd5 Qc3+ 44. Kb1 Nc7 45. Qd8+ Rf8 46. Qe7 Rf7 47. Bxf6 Rxe7 48. Bxc3 Nxb5 49. Bg7 Re8 50. Kb2 Rd8 51. Rc2 Kf7 52. Rc5 Rb8 53. Rc6 Re8 54. Rf6+ Kg8 55. Rb6 Re2+ 56. Kc1 Nc7 57. Rb8+ Ne8 58. Ra8 Kf7 59. Rxa4 Nxg7 60. Ra7+ Kf6 61. hxg7 Re8 62. b5 h5 63. b6 Rb8 64. a4 h4 65. a5 h3 66. g8=Q Rxg8 67. Rh7 Ke6 68. Rxh3 Rc8+ 69. Kd2 Rd8+ 70. Rd3 Rb8 71. Kc3 g5 72. Kb4 Rb7 73. Kb5 Rf7 74. a6 Rf1 75. a7 Ra1 76. b7 Rb1+ 77. Kc6 Rc1+ 78. Kb6 Rb1+ 79. Kc7 {[%emt 0:00:03] Kd5} 1-0

[Event "WYCC 2018 G18"]
[Site "Halkidiki"]
[Date "2018.10.28"]
[Round "9"]
[White "Obolentseva, Alexandra"]
[Black "Di Benedetto, Desiree"]
[Result "0-1"]
[ECO "E01"]
[WhiteElo "2298"]
[BlackElo "2321"]
[Annotator "NA"]
[PlyCount "102"]
[EventDate "2018.10.20"]
[EventType "swiss"]
[EventCountry "GRE"]
[SourceTitle "playchess.com"]
[Source "ChessBase"]
[SourceQuality "1"]
[TimeControl "40/5400+30:1800+30"]

1. d4 Nf6 2. c4 e6 3. g3 d5 4. Bg2 Bb4+ 5. Bd2 Be7 6. Nf3 O-O 7. O-O c6 8. Qc2 b6 9. Bf4 Ba6 10. b3 Nbd7 11. Rd1 Rc8 12. Nc3 Qe8 13. e4 dxc4 14. bxc4 Bxc4 15. Nd2 Ba6 16. Qa4 Bd3 17. Qb3 c5 18. d5 c4 19. Qb2 e5 20. Be3 Ng4 21. Nf1 Nxe3 22. Nxe3 Bc5 23. Bh3 Rb8 24. Nc2 Nf6 25. Nb4 Bd4 26. Bg2 b5 27. a3 a5 28. Nc6 b4 29. axb4 axb4 30. Nxd4 exd4 31. Na4 c3 32. Qb3 Qb5 33. e5 Bc4 34. Qb1 d3 35. exf6 c2 36. Qc1 cxd1=Q+ 37. Qxd1 g6 38. Qd2 Kh8 39. d6 Bd5 40. Bf1 Ra8 41. Bxd3 Qb7 42. Bf1 b3 43. Re1 Rg8 44. Nc3 b2 45. Re7 Qb3 46. d7 Qxc3 47. Qxd5 b1=Q 48. Qxf7 g5 49. Re8 Qg6 50. Qxg6 hxg6 51. f7 Rf8 0-1

[Event "WYCC 2018 G18"]
[Site "Halkidiki"]
[Date "2018.10.28"]
[Round "9"]
[White "Avramidou, Anastasia"]
[Black "Kiolbasa, Oliwia"]
[Result "1/2-1/2"]
[ECO "A50"]
[WhiteElo "2285"]
[BlackElo "2254"]
[Annotator "NA"]
[PlyCount "151"]
[EventDate "2018.10.20"]
[EventType "swiss"]
[EventCountry "GRE"]
[SourceTitle "playchess.com"]
[Source "ChessBase"]
[SourceQuality "1"]
[TimeControl "40/5400+30:1800+30"]

1. c4 b6 2. d4 Nf6 3. f3 Nc6 4. Nc3 e5 5. d5 Ne7 6. e4 Ng6 7. Be3 Bc5 8. Qd2 O-O 9. O-O-O d6 10. Kb1 a5 11. h4 Ba6 12. h5 Bxe3 13. Qxe3 Nf4 14. h6 g6 15. g3 N4h5 16. f4 Nd7 17. Be2 Nhf6 18. Nh3 $18 Qe7 19. Ng5 Nc5 20. Rdf1 Bc8 21. Rh4 Bd7 22. Rh2 Ne8 23. f5 gxf5 24. exf5 Nf6 25. Nge4 Nfxe4 26. f6 Qd8 27. Nxe4 Kh8 28. Ng5 Qe8 29. Rh4 Rg8 30. Bh5 Rg6 31. Bxg6 hxg6 32. Ne4 Nxe4 33. Qxe4 Kh7 34. g4 Qc8 35. Rg1 Qd8 36. Qf3 Rb8 37. Rh2 Rb7 38. Rc2 Rb8 39. Rf2 Rb7 40. Qe4 Rb8 41. Kc1 Rb7 42. Kd1 Rb8 43. Rg3 Ra8 44. Ke1 Rb8 45. Kf1 Ra8 46. Kg1 Qc8 47. b3 Ra7 48. Kh2 Ra8 49. a3 Ra7 50. Ra2 Qd8 51. Qf3 Qc8 52. Rgg2 Qa8 53. Rgf2 Qc8 54. Kg3 Qa8 55. Qe4 Ra6 56. Rfc2 Ra7 57. Rd2 Qd8 58. Qf3 Qa8 59. Rdc2 Ra6 60. Qe2 Ra7 61. b4 Qd8 62. Qf3 Qa8 63. Qf2 Ba4 64. Rcb2 Bd7 65. Rd2 Qc8 66. Qf3 Qa8 67. Qf2 Qc8 68. Qe2 Qd8 69. c5 Qxf6 70. Qf2 Qxf2+ 71. Rxf2 f5 72. bxa5 Rxa5 73. cxb6 cxb6 74. g5 f4+ 75. Kh2 Ba4 76. Rab2 1/2-1/2

[Event "WYCC 2018 G18"]
[Site "Halkidiki"]
[Date "2018.10.28"]
[Round "9"]
[White "Sliwicka, Alicja"]
[Black "Zairbek kyzy, Begimay"]
[Result "1-0"]
[ECO "B16"]
[WhiteElo "2264"]
[BlackElo "1919"]
[Annotator "NA"]
[PlyCount "91"]
[EventDate "2018.10.20"]
[EventType "swiss"]
[EventCountry "GRE"]
[SourceTitle "playchess.com"]
[Source "ChessBase"]
[SourceQuality "1"]
[TimeControl "40/5400+30:1800+30"]

1. e4 c6 2. d4 d5 3. Nc3 dxe4 4. Nxe4 Nf6 5. Nxf6+ gxf6 6. c3 Bf5 7. Nf3 e6 8. g3 Bd6 9. Bg2 Nd7 10. O-O Qc7 11. Re1 e5 12. d5 c5 13. Nh4 Bg6 14. f4 f5 15. fxe5 $16 Nxe5 16. Bh3 O-O-O 17. Nxf5 Bxf5 18. Bxf5+ Kb8 19. Qh5 f6 20. Bf4 Rdg8 21. Kh1 c4 22. Rad1 Rd8 23. Re2 Qa5 24. Qh4 Rdf8 25. Bh6 Rf7 26. Be6 Ng6 27. Qxc4 Rc7 28. Qd4 Qa6 29. Red2 Be5 30. Qd3 Qd6 31. c4 b6 32. a3 Rd8 33. b4 Qe7 34. Be3 Bd6 35. Bd4 Ne5 36. Bxe5 Bxe5 37. Qe4 Qd6 38. Rc1 a5 39. bxa5 Qxa3 40. Rdc2 Qxa5 41. c5 Rxc5 42. Rxc5 bxc5 43. Rb1+ Kc7 44. Qxh7+ Kd6 45. Qb7 Qc7 46. Qa6+ 1-0

[Event "WYCC 2018 G18"]
[Site "Halkidiki"]
[Date "2018.10.28"]
[Round "9"]
[White "Injac, Teodora"]
[Black "Sargsyan, Anna M."]
[Result "1-0"]
[ECO "D70"]
[WhiteElo "2258"]
[BlackElo "2331"]
[Annotator "NA"]
[PlyCount "63"]
[EventDate "2018.10.20"]
[EventType "swiss"]
[EventCountry "GRE"]
[SourceTitle "playchess.com"]
[Source "ChessBase"]
[SourceQuality "1"]
[TimeControl "40/5400+30:1800+30"]

1. d4 d5 2. c4 c6 3. Nf3 Nf6 4. Nbd2 Bf5 5. Nh4 Be4 6. e3 e6 7. Be2 Nbd7 8. O-O g5 9. Nhf3 Rg8 10. Nxe4 Nxe4 11. Nd2 Nd6 12. Qc2 Nf5 13. Bd3 Nh4 14. e4 dxc4 15. Nxc4 Qc7 16. e5 h6 $16 17. Be3 Nb6 18. Nxb6 axb6 19. Bh7 Rg7 20. Be4 Ng6 21. a4 Nf4 22. Bxf4 gxf4 23. Qc4 Rd8 24. b4 Qd7 25. Rfd1 Rg5 26. Bf3 Qe7 27. Rab1 Rg7 28. Qc3 Qg5 29. a5 Be7 30. axb6 f6 31. b5 c5 32. dxc5 1-0

[Event "WYCC 2018 G18"]
[Site "Halkidiki"]
[Date "2018.10.28"]
[Round "9"]
[White "Antolak, Julia"]
[Black "Avetisyan, Mariam"]
[Result "1-0"]
[ECO "B18"]
[WhiteElo "2240"]
[BlackElo "2049"]
[Annotator "NA"]
[PlyCount "91"]
[EventDate "2018.10.20"]
[EventType "swiss"]
[EventCountry "GRE"]
[SourceTitle "playchess.com"]
[Source "ChessBase"]
[SourceQuality "1"]
[TimeControl "40/5400+30:1800+30"]

1. e4 c6 2. d4 d5 3. Nc3 dxe4 4. Nxe4 Bf5 5. Ng3 Bg6 6. h4 h6 7. Nf3 e6 8. h5 Bh7 9. Bd3 Bxd3 10. Qxd3 Nf6 11. Bd2 Be7 12. O-O-O O-O 13. Ne4 Nxe4 14. Qxe4 Qd5 15. Qg4 Kh8 16. Kb1 Nd7 17. Qh3 Nf6 18. g4 Ne4 19. Be3 a5 20. Ne5 b5 21. f3 Nd6 22. g5 Nf5 23. Bc1 Bxg5 24. Bxg5 hxg5 25. Rhg1 Qd8 26. Nxc6 Qc7 27. Ne5 Rfc8 28. Rd2 f6 29. Ng4 Qf4 30. Rgd1 Nh4 31. Rd3 Ra6 32. Qf1 Rac6 33. R1d2 b4 34. Qe2 Rd6 35. Nf2 f5 36. Nh3 Qg3 37. f4 Qg4 38. Nxg5 Rf8 39. Qh2 e5 40. dxe5 Rxd3 41. Rxd3 Ng2 42. h6 g6 43. Qg1 Qe2 44. e6 Qe1+ 45. Qxe1 Nxe1 46. e7 1-0